[Event "Chinese Team-ch Men 2025"]
[Site "Zhang Jiakou Hebei"]
[Date "2025.04.27"]
[Round "3.5"]
[White "Wang, Yue"]
[Black "Wen, Yang"]
[Result "1/2-1/2"]
[Annotator "TA"]
[ECO "C67"]
[WhiteElo "2640"]
[BlackElo "2572"]
[PlyCount "60"]
[EventDate "2025.04.26"]
[EventType "team-tourn"]
[EventCountry "CHN"]
[SourceTitle "playchess.com"]
[Source "ChessBase"]
[SourceQuality "1"]
[TimeControl "5400+30"]

1. e4 e5 2. Nf3 Nc6 3. Bb5 Nf6 4. O-O Nxe4 5. Re1 Nd6 6. Nxe5 Be7 7. Bf1 Nxe5 8. Rxe5 O-O 9. d4 Ne8 {[%emt 0:11:08] C67: Ruy Lopez: Berlin Defence: 4 0-0 Nxe4.} 10. Re1 d5 11. Nd2 Bg5 $146 (11... Bd6 12. c3 Bf5 13. Nf3 c6 14. Bd3 Qf6 15. Bg5 Qg6 16. Nh4 Qxg5 17. Nxf5 Rd8 {1-0 Guliyev,N (2529)-Doluhanova,E (2229) FRA-ch Blitz Online Qual 2020 (13)}) 12. Nf3 Bxc1 13. Qxc1 Bf5 14. c3 Qd6 15. Qg5 Qf6 16. Qxf6 Nxf6 17. Nd2 Rfe8 18. f3 h5 19. Kf2 Kf8 20. h4 c6 21. Nb3 b6 {[%emt 0:02:11] The position is symmetric and equal} 22. Ba6 Rab8 {[%emt 0:00:20] Dodges Bb7} 23. Rxe8+ Nxe8 24. Be2 Nd6 25. Nc1 g6 26. Bd3 Bxd3 27. Nxd3 {[%emt 0:00:05] The position is equal.} f6 28. a4 a5 29. Re1 Kf7 {[%emt 0:00:06] Repels Re6} 30. g3 Rb7 {[%emt 0:01:51] Weighted Error Value: White=0.07 (flawless) /Black=0.06 (flawless)   Inaccurate:     	White=2     	Black=1      OK:         	White=5     	Black=10} 1/2-1/2

[Event "Chinese Team-ch Men 2025"]
[Site "Zhang Jiakou Hebei"]
[Date "2025.04.27"]
[Round "3.6"]
[White "Zhao, Jun"]
[Black "Dai, Changren"]
[Result "0-1"]
[Annotator "ChessBase"]
[ECO "B11"]
[WhiteElo "2532"]
[BlackElo "2527"]
[PlyCount "80"]
[EventDate "2025.04.26"]
[EventType "team-tourn"]
[EventCountry "CHN"]
[SourceTitle "playchess.com"]
[Source "ChessBase"]
[SourceQuality "1"]
[TimeControl "5400+30"]

1. e4 c6 2. Nf3 d5 3. Nc3 dxe4 4. Nxe4 Nf6 5. Qe2 Nxe4 6. Qxe4 Nd7 7. Bc4 Nf6 8. Ne5 e6 9. Qe2 b5 10. Bb3 Qc7 11. d4 Bd6 12. Bf4 a5 13. a4 O-O 14. O-O Ba6 15. Bg3 b4 16. Bc4 Bxc4 17. Qxc4 Nh5 18. Nd3 Nxg3 19. hxg3 Rfd8 20. c3 Rab8 21. Rfc1 h6 22. Rc2 bxc3 23. bxc3 c5 24. dxc5 Rdc8 25. Rd2 Bxc5 26. Nxc5 Qb6 27. Rad1 Rxc5 28. Qe4 Rxc3 29. Rd6 Rc1 30. Rxc1 Qxd6 31. g4 g6 32. Rc4 Rb4 33. Qc2 Qe5 34. Rxb4 axb4 35. Qc8+ Kg7 36. Qc4 Qc3 37. Qb5 b3 38. Kh2 b2 39. a5 Qc1 40. Qe5+ Kh7 0-1

[Event "Chinese Team-ch Men 2025"]
[Site "Zhang Jiakou Hebei"]
[Date "2025.04.27"]
[Round "3.7"]
[White "Chu, Weichao"]
[Black "Xiao, Tong"]
[Result "0-1"]
[Annotator "ChessBase"]
[ECO "A04"]
[WhiteElo "2406"]
[BlackElo "2496"]
[PlyCount "70"]
[EventDate "2025.04.26"]
[EventType "team-tourn"]
[EventCountry "CHN"]
[SourceTitle "playchess.com"]
[Source "ChessBase"]
[SourceQuality "1"]
[TimeControl "5400+30"]

1. Nf3 e6 2. g3 b5 3. Bg2 Bb7 4. O-O g6 5. d3 Bg7 6. c4 a6 7. Qb3 Qc8 8. Na3 bxc4 9. Nxc4 Nc6 10. Bd2 a5 11. Bc3 Nf6 12. a4 d6 13. Rfc1 O-O 14. Qd1 Nd5 15. Bxg7 Kxg7 16. e4 Nb6 17. Qb3 Ra6 18. Na3 Nd7 19. d4 Nb4 20. Nb5 Bxe4 21. Rxc7 Qd8 22. Rac1 Bd5 23. Qe3 h6 24. h4 Nf6 25. Qe2 Bb3 26. Rb7 Rb6 27. Ra7 Nc6 28. Nd2 Nxa7 29. Nxb3 Qb8 30. Bf1 Nxb5 31. axb5 Qa7 32. Ra1 a4 33. Qc4 Ra8 34. Bg2 d5 35. Qe2 Qb8 0-1

[Event "Chinese Team-ch Men 2025"]
[Site "Zhang Jiakou Hebei"]
[Date "2025.04.27"]
[Round "3.8"]
[White "Huang, Renjie"]
[Black "Xi, Qi"]
[Result "1/2-1/2"]
[Annotator "ChessBase"]
[ECO "C11"]
[WhiteElo "2491"]
[BlackElo "2257"]
[PlyCount "131"]
[EventDate "2025.04.26"]
[EventType "team-tourn"]
[EventCountry "CHN"]
[SourceTitle "playchess.com"]
[Source "ChessBase"]
[SourceQuality "1"]
[TimeControl "5400+30"]

1. e4 e6 2. d4 d5 3. Nc3 Nf6 4. e5 Nfd7 5. Nce2 c5 6. c3 Nc6 7. Nf3 Be7 8. h4 cxd4 9. cxd4 f6 10. Nf4 Ndxe5 11. dxe5 fxe5 12. Nh3 e4 13. Nh2 O-O 14. Be2 Bxh4 15. O-O Qb6 16. Ng4 Bd7 17. Be3 d4 18. Bg5 Bxg5 19. Nxg5 d3 20. Bxd3 exd3 21. Qxd3 Rf5 22. Qxd7 Rxg5 23. Qxe6+ Kh8 24. Rfe1 Qd8 25. Rad1 Qg8 26. Qd7 Rb5 27. b3 Rf8 28. Qc7 Rc8 29. Qg3 Rd5 30. Rxd5 Qxd5 31. Qe3 Kg8 32. Qg3 Qd2 33. Re3 Rf8 34. Rd3 Qe1+ 35. Kh2 Qe7 36. Ne3 h6 37. Kg1 Qe5 38. Qg4 Qf6 39. Rd2 Qf4 40. Qe6+ Kh7 41. Nc4 Rf7 42. Qe2 Re7 43. Qd3+ Qe4 44. Qxe4+ Rxe4 45. f3 Re7 46. Kf2 Kg6 47. g4 Kf6 48. Ne3 Kf7 49. Nf5 Rc7 50. Ke3 Ne7 51. Nd6+ Ke6 52. Nb5 Rc5 53. Rd6+ Kf7 54. Nd4 Rd5 55. Rxd5 Nxd5+ 56. Kd3 Kf6 57. Nb5 Nb4+ 58. Kd4 Nxa2 59. Nxa7 g6 60. Nb5 h5 61. Nd6 b6 62. Ne4+ Ke6 63. Ng5+ Kf6 64. Ne4+ Ke6 65. Ng5+ Kf6 66. Ne4+ 1/2-1/2

[Event "Chinese Team-ch Men 2025"]
[Site "Zhang Jiakou Hebei"]
[Date "2025.04.27"]
[Round "3.9"]
[White "Xu, Yi"]
[Black "Xu, Yinglun"]
[Result "1/2-1/2"]
[Annotator "ChessBase"]
[ECO "C10"]
[WhiteElo "2480"]
[BlackElo "2522"]
[PlyCount "60"]
[EventDate "2025.04.26"]
[EventType "team-tourn"]
[EventCountry "CHN"]
[SourceTitle "playchess.com"]
[Source "ChessBase"]
[SourceQuality "1"]
[TimeControl "5400+30"]

1. e4 e6 2. d4 d5 3. Nd2 dxe4 4. Nxe4 Nd7 5. Nf3 Ngf6 6. Nxf6+ Nxf6 7. c3 c5 8. Ne5 a6 9. Be3 Qc7 10. Qa4+ Nd7 11. Bb5 cxd4 12. Bxd7+ Bxd7 13. Qxd4 Bb5 14. a4 Bd6 15. Nxf7 Kxf7 16. axb5 axb5 17. Ke2 Be7 18. Qe4 Qc6 19. Qf3+ Qxf3+ 20. Kxf3 e5 21. Ke4 Ke6 22. Rhd1 Ra6 23. Rxa6+ bxa6 24. Ra1 Ra8 25. b4 Bd8 26. Bd2 Bb6 27. Be3 Bc7 28. Bd2 Bb6 29. Be3 Bc7 30. Bd2 Bb6 1/2-1/2

[Event "Chinese Team-ch Men 2025"]
[Site "Zhang Jiakou Hebei"]
[Date "2025.04.27"]
[Round "3.10"]
[White "Zhao, Chenxi"]
[Black "Lou, Yiping"]
[Result "1/2-1/2"]
[Annotator "ChessBase"]
[ECO "C51"]
[WhiteElo "2453"]
[BlackElo "2464"]
[PlyCount "80"]
[EventDate "2025.04.26"]
[EventType "team-tourn"]
[EventCountry "CHN"]
[SourceTitle "playchess.com"]
[Source "ChessBase"]
[SourceQuality "1"]
[TimeControl "5400+30"]

1. e4 e5 2. Nf3 Nc6 3. Bc4 Bc5 4. b4 Bxb4 5. c3 Be7 6. d4 Na5 7. Bd3 d6 8. dxe5 dxe5 9. Nxe5 Nf6 10. O-O O-O 11. Qc2 Bd6 12. Nf3 Re8 13. Bg5 h6 14. Bh4 g5 15. Bg3 Bxg3 16. hxg3 Ng4 17. Nbd2 Qf6 18. Rfe1 Bd7 19. Nb3 Nxb3 20. axb3 a5 21. b4 axb4 22. Rxa8 Rxa8 23. cxb4 Ra1 24. Qd2 Ne5 25. Be2 Nxf3+ 26. gxf3 Qd6 27. Qc3 Rxe1+ 28. Qxe1 c5 29. bxc5 Qxc5 30. Qa1 b5 31. Qa5 Kg7 32. Kg2 Qd4 33. Qc7 b4 34. Bc4 Qc3 35. Qxd7 Qxc4 36. e5 g4 37. e6 gxf3+ 38. Kh2 Qxe6 39. Qd4+ Kh7 40. Qxb4 Qf5 1/2-1/2

[Event "Chinese Team-ch Men 2025"]
[Site "Zhang Jiakou Hebei"]
[Date "2025.04.27"]
[Round "3.11"]
[White "Meng, Yihan"]
[Black "Wu, Yixing"]
[Result "1/2-1/2"]
[Annotator "ChessBase"]
[ECO "C42"]
[WhiteElo "2433"]
[BlackElo "2406"]
[PlyCount "114"]
[EventDate "2025.04.26"]
[EventType "team-tourn"]
[EventCountry "CHN"]
[SourceTitle "playchess.com"]
[Source "ChessBase"]
[SourceQuality "1"]
[TimeControl "5400+30"]

1. e4 e5 2. Nf3 Nf6 3. Nxe5 d6 4. Nf3 Nxe4 5. d4 d5 6. Bd3 Bf5 7. O-O Be7 8. Re1 O-O 9. c4 Nc6 10. cxd5 Qxd5 11. Nc3 Nxc3 12. bxc3 Bxd3 13. Qxd3 Rae8 14. Bf4 Bd6 15. Ng5 g6 16. Ne4 Re6 17. Bh6 Rd8 18. Re3 Be7 19. Bf4 Ne5 20. Bxe5 Rxe5 21. dxe5 Qxd3 22. Rxd3 Rxd3 23. Kf1 Kg7 24. Rb1 b6 25. Ke2 Rd5 26. f4 f6 27. Rd1 Rxd1 28. exf6+ Bxf6 29. Kxd1 Kf7 30. Ke2 Be7 31. g4 Ke6 32. Kd3 h5 33. h3 hxg4 34. hxg4 c6 35. Nd2 b5 36. Nf3 Bd6 37. Ke4 c5 38. Nh4 Kf6 39. g5+ Kf7 40. f5 gxf5+ 41. Nxf5 Bf8 42. Kd5 b4 43. cxb4 cxb4 44. Kc4 Kg6 45. Nd4 Be7 46. Nc6 Bxg5 47. Kxb4 Be3 48. Kb5 Kf7 49. Ka6 Ke8 50. Kb7 Kd7 51. Ne5+ Kd8 52. a4 Bd2 53. Nc6+ Kd7 54. Nxa7 Be1 55. Nb5 Kd8 56. Nd4 Kd7 57. Nb3 Kd8 1/2-1/2

[Event "Chinese Team-ch Men 2025"]
[Site "Zhang Jiakou Hebei"]
[Date "2025.04.27"]
[Round "3.12"]
[White "Ren, Yibai"]
[Black "Gong, Sunle"]
[Result "0-1"]
[Annotator "ChessBase"]
[ECO "B13"]
[WhiteElo "2027"]
[BlackElo "2410"]
[PlyCount "86"]
[EventDate "2025.04.26"]
[EventType "team-tourn"]
[EventCountry "CHN"]
[SourceTitle "playchess.com"]
[Source "ChessBase"]
[SourceQuality "1"]
[TimeControl "5400+30"]

1. e4 c6 2. d4 d5 3. exd5 cxd5 4. Bd3 Nc6 5. c3 Nf6 6. h3 g6 7. Nf3 Bf5 8. Bf4 Bxd3 9. Qxd3 e6 10. O-O Bg7 11. Nbd2 O-O 12. Rfe1 Re8 13. Ne5 Qb6 14. Nb3 Ne4 15. Nd7 Qd8 16. Ndc5 Nxc5 17. Nxc5 b6 18. Nb3 Bf8 19. Nd2 f6 20. Nf3 Bd6 21. Bxd6 Qxd6 22. Rad1 Rad8 23. h4 Kg7 24. Re2 e5 25. dxe5 fxe5 26. Rde1 e4 27. Qd2 Rf8 28. Nd4 Ne5 29. Qg5 Rde8 30. Re3 Nc4 31. Rg3 Re5 32. Qc1 Rh5 33. b3 Ne5 34. c4 Qf6 35. Qd2 Kg8 36. cxd5 Nd3 37. Rxd3 exd3 38. Nf3 Rxd5 39. Qe3 Rfd8 40. Nd2 Qxh4 41. Qe6+ Kg7 42. Qc6 Rh5 43. Qc7+ Kh6 0-1

[Event "Chinese Team-ch Men 2025"]
[Site "Zhang Jiakou Hebei"]
[Date "2025.04.27"]
[Round "3.13"]
[White "Chen, Qi b"]
[Black "Cao, Qingfeng"]
[Result "1/2-1/2"]
[Annotator "ChessBase"]
[ECO "E40"]
[WhiteElo "2482"]
[BlackElo "2443"]
[PlyCount "62"]
[EventDate "2025.04.26"]
[EventType "team-tourn"]
[EventCountry "CHN"]
[SourceTitle "playchess.com"]
[Source "ChessBase"]
[SourceQuality "1"]
[TimeControl "5400+30"]

1. d4 Nf6 2. c4 e6 3. Nc3 Bb4 4. e3 O-O 5. a3 Bxc3+ 6. bxc3 Nc6 7. Bd3 e5 8. Ne2 e4 9. Bc2 Na5 10. Ng3 Nxc4 11. Nxe4 Nxe4 12. Bxe4 d5 13. Bd3 b5 14. a4 c6 15. O-O Re8 16. Re1 Qa5 17. Qc2 f5 18. Ba3 g6 19. Bxc4 dxc4 20. Bc5 Qc7 21. f3 Be6 22. e4 a5 23. Qf2 bxa4 24. Rxa4 Rab8 25. Qa2 Bd5 26. e5 Rb5 27. Ra1 Qb7 28. Rxa5 Rb2 29. Qa3 Rb1+ 30. Kf2 Rb2+ 31. Kg1 Rb1+ 1/2-1/2

[Event "Chinese Team-ch Men 2025"]
[Site "Zhang Jiakou Hebei"]
[Date "2025.04.27"]
[Round "3.14"]
[White "Dong, Hongfu"]
[Black "Jin, Hongtao"]
[Result "1-0"]
[Annotator "ChessBase"]
[ECO "C58"]
[WhiteElo "2238"]
[BlackElo "2343"]
[PlyCount "163"]
[EventDate "2025.04.26"]
[EventType "team-tourn"]
[EventCountry "CHN"]
[SourceTitle "playchess.com"]
[Source "ChessBase"]
[SourceQuality "1"]
[TimeControl "5400+30"]

1. e4 e5 2. Nf3 Nc6 3. Bc4 Nf6 4. Ng5 d5 5. exd5 Na5 6. Bb5+ c6 7. dxc6 bxc6 8. Bd3 Nd5 9. Nf3 Bd6 10. O-O O-O 11. Re1 f5 12. Nxe5 Qf6 13. Nf3 g5 14. c4 Nf4 15. Bf1 g4 16. d4 gxf3 17. Qxf3 Ne6 18. Qc3 Nb7 19. c5 Bc7 20. b4 a5 21. b5 cxb5 22. Bxb5 a4 23. Bc4 Kh8 24. Bxe6 Bxe6 25. d5 Qxc3 26. Nxc3 Ba5 27. Bd2 Bf7 28. c6 Nd6 29. Rac1 Bxd5 30. Bf4 Bxc3 31. Rxc3 Ne4 32. Rc2 Rfe8 33. c7 Bb7 34. f3 Nf6 35. Re5 Nd5 36. Rxf5 Kg7 37. Rc5 Ne7 38. Be5+ Kg8 39. Rg5+ Ng6 40. h4 Kf7 41. Bg3 h6 42. Rgf5+ Ke6 43. Rh5 Rh8 44. Rb5 Bc8 45. Rb6+ Kf7 46. Rd5 Ra6 47. Rb8 Ke7 48. h5 Rg8 49. hxg6 Raxg6 50. Bh4+ Kf7 51. Rd2 Rc6 52. Bd8 Be6 53. Rb4 a3 54. Rf4+ Kg7 55. Rf6 Rc1+ 56. Kh2 Bc8 57. Rdd6 Re8 58. Rg6+ Kh7 59. Rxh6+ Kg7 60. Rdg6+ Kf7 61. Rf6+ Kg7 62. Rhg6+ Kh7 63. Rg3 Re5 64. Rf7+ Kh6 65. Rg8 Rh5+ 66. Kg3 Rh3+ 67. gxh3 Rg1+ 68. Kh2 Rxg8 69. Be7 Kg6 70. Rf8 Rxf8 71. Bxf8 Kf5 72. Bxa3 Kf4 73. h4 Bb7 74. Bd6+ Kf5 75. Kg3 Kg6 76. a4 Bc8 77. Kf4 Kf6 78. h5 Bb7 79. a5 Bc8 80. Be5+ Kf7 81. Kg5 Bb7 82. h6 1-0

[Event "Chinese Team-ch Men 2025"]
[Site "Zhang Jiakou Hebei"]
[Date "2025.04.27"]
[Round "3.15"]
[White "Yang, ZiLong"]
[Black "Xia, Jinnan"]
[Result "1-0"]
[Annotator "ChessBase"]
[ECO "B92"]
[WhiteElo "2337"]
[BlackElo "1959"]
[PlyCount "153"]
[EventDate "2025.04.26"]
[EventType "team-tourn"]
[EventCountry "CHN"]
[SourceTitle "playchess.com"]
[Source "ChessBase"]
[SourceQuality "1"]
[TimeControl "5400+30"]

1. e4 c5 2. Nf3 d6 3. d4 cxd4 4. Nxd4 Nf6 5. Nc3 a6 6. Be2 e5 7. Nb3 Be7 8. Be3 Be6 9. Nd5 Nbd7 10. Qd3 O-O 11. O-O Bxd5 12. exd5 Rc8 13. c4 a5 14. Rad1 b6 15. Kh1 g6 16. f4 Ne8 17. f5 Bg5 18. Bg1 Ng7 19. Bg4 Nf6 20. Bh3 Rb8 21. Nd2 Re8 22. Ne4 Nxe4 23. Qxe4 Nh5 24. fxg6 fxg6 25. g3 Nf6 26. Qe2 Kg7 27. Be6 Qe7 28. h4 Bh6 29. g4 Bf4 30. Rxf4 exf4 31. Bd4 Kf8 32. Qf2 Qb7 33. Re1 Rxe6 34. Rxe6 Nxd5 35. Kg1 Rc8 36. cxd5 Rc1+ 37. Kh2 Rh1+ 38. Kxh1 Qxd5+ 39. Kh2 Qxe6 40. Qxf4+ Kg8 41. Qe3 Qf7 42. Bxb6 a4 43. Bd4 Qd7 44. Qe4 Qb5 45. Qe6+ Kf8 46. Qxd6+ Kf7 47. Qf6+ Ke8 48. Qe5+ Qxe5+ 49. Bxe5 Ke7 50. b3 Ke6 51. Bb2 axb3 52. axb3 Kd5 53. Kg3 Ke4 54. b4 Kd5 55. Kf4 h5 56. gxh5 gxh5 57. Kg5 Kc4 58. Bc3 Kxc3 59. b5 Kc4 60. b6 Kc5 61. b7 Kc4 62. Kxh5 Kc5 63. Kg6 Kc4 64. h5 Kc5 65. h6 Kc6 66. h7 Kxb7 67. Kf6 Kc6 68. Ke6 Kc5 69. Ke5 Kc4 70. h8=Q Kd3 71. Qh3+ Kc4 72. Qe3 Kb5 73. Kd5 Kb4 74. Qd3 Ka5 75. Qb3 Ka6 76. Kc6 Ka7 77. Qb7# 1-0

[Event "Chinese Team-ch Men 2025"]
[Site "Zhang Jiakou Hebei"]
[Date "2025.04.27"]
[Round "3.16"]
[White "Pan, Xizhi"]
[Black "Yu, Zechen"]
[Result "1/2-1/2"]
[Annotator "NA"]
[ECO "D02"]
[WhiteElo "1821"]
[BlackElo "2116"]
[PlyCount "81"]
[EventDate "2025.04.26"]
[EventType "team-tourn"]
[EventCountry "CHN"]
[SourceTitle "playchess.com"]
[Source "ChessBase"]
[SourceQuality "1"]
[TimeControl "5400+30"]

1. d4 Nf6 2. Nf3 d5 3. Bf4 c5 4. c3 Qb6 5. Qc2 Nc6 6. e3 g6 7. h3 Bg7 8. Nbd2 O-O 9. Bd3 Bd7 10. O-O Rac8 11. Qb3 c4 12. Qxb6 axb6 13. Bc2 b5 14. a3 Nh5 15. Bh2 f5 16. Bd1 Bf6 17. Ne5 Bxe5 18. dxe5 Ng7 19. f4 Rfd8 20. Nf3 Ne6 21. Bc2 Nc5 22. Rad1 Be6 23. Nd4 Nxd4 24. exd4 Na4 25. Rb1 Kf7 26. Kh1 Rg8 27. Rf2 Rc6 28. Bxa4 bxa4 29. Rg1 Rb6 30. g4 Rc8 31. g5 Rb3 32. Bg3 Rc6 33. h4 Rcb6 34. Rgg2 Kg7 35. Rh2 Bf7 36. Kg1 Rc6 37. Rc2 Ra6 38. Kf1 Rab6 39. Ke1 Be6 40. Kd1 Bf7 41. Kc1 1/2-1/2

[Event "Chinese Team-ch Men 2025"]
[Site "Zhang Jiakou Hebei"]
[Date "2025.04.27"]
[Round "3.17"]
[White "Yu, Shaoteng"]
[Black "Gong, Changda"]
[Result "1-0"]
[Annotator "ChessBase"]
[ECO "C45"]
[WhiteElo "2480"]
[BlackElo "2131"]
[PlyCount "91"]
[EventDate "2025.04.26"]
[EventType "team-tourn"]
[EventCountry "CHN"]
[SourceTitle "playchess.com"]
[Source "ChessBase"]
[SourceQuality "1"]
[TimeControl "5400+30"]

1. e4 e5 2. Nf3 Nc6 3. d4 exd4 4. Nxd4 Nf6 5. Nxc6 bxc6 6. Nd2 d5 7. exd5 cxd5 8. Bb5+ Bd7 9. Bxd7+ Qxd7 10. O-O Be7 11. b3 O-O 12. Bb2 c5 13. Qf3 Rac8 14. Rad1 Rfd8 15. Rfe1 Qc7 16. h3 a5 17. a4 Ne8 18. Be5 Qa7 19. Nb1 d4 20. Na3 Bd6 21. Nc4 Bxe5 22. Rxe5 Rd7 23. Qc6 Qc7 24. Rde1 Kf8 25. Qxc7 Rdxc7 26. Nxa5 Nd6 27. Rd5 Re7 28. Kf1 Rxe1+ 29. Kxe1 Ke7 30. Nc4 Nxc4 31. bxc4 Ra8 32. Rxc5 Rxa4 33. Kd2 Ra1 34. Re5+ Kf6 35. Re1 Ra3 36. Re4 Ra1 37. Rxd4 Ke5 38. Rd5+ Ke6 39. Kc3 Rg1 40. g3 f5 41. Rd3 g5 42. c5 Ra1 43. Kc4 Ra4+ 44. Kb5 Ra2 45. Rd2 Rb2+ 46. Kc4 1-0

[Event "Chinese Team-ch Men 2025"]
[Site "Zhang Jiakou Hebei"]
[Date "2025.04.27"]
[Round "3.18"]
[White "Qu, Haoming"]
[Black "Jiang, Haochen"]
[Result "0-1"]
[Annotator "ChessBase"]
[ECO "B28"]
[WhiteElo "2066"]
[BlackElo "2441"]
[PlyCount "182"]
[EventDate "2025.04.26"]
[EventType "team-tourn"]
[EventCountry "CHN"]
[SourceTitle "playchess.com"]
[Source "ChessBase"]
[SourceQuality "1"]
[TimeControl "5400+30"]

1. e4 c5 2. Nf3 a6 3. c3 e6 4. d4 d5 5. dxc5 Bxc5 6. exd5 Nf6 7. Bd3 exd5 8. Qe2+ Be7 9. h3 O-O 10. Be3 Re8 11. O-O Bc5 12. Nd4 Nc6 13. Rd1 Qb6 14. Qc2 h6 15. Nxc6 Bxe3 16. Nd4 Bf4 17. Nd2 Bd7 18. Re1 Bc7 19. N2f3 Nh5 20. Bh7+ Kf8 21. Bf5 Bxf5 22. Qxf5 Nf6 23. Qc2 g6 24. Rad1 Re4 25. Nd2 Qd6 26. g3 Ree8 27. Nf1 Ne4 28. h4 Re7 29. Re3 Rae8 30. Rf3 Kg8 31. Ne3 Nf6 32. Kg2 Re4 33. Qd2 R8e5 34. Qc2 Bb6 35. Qb3 Kg7 36. a4 h5 37. a5 Bxd4 38. cxd4 Re7 39. Qa3 R7e6 40. Qb3 Qd7 41. Rd2 Rc6 42. Rd1 Re7 43. Re1 Ree6 44. Rd1 Rc7 45. Rd3 Rc1 46. Rc3 Rc6 47. Rxc1 Rxc1 48. Qb6 Rc6 49. Qb3 Re6 50. Qb4 Ne4 51. Rf4 Qc6 52. Qb3 Nf6 53. Qb4 Qb5 54. Qxb5 axb5 55. b4 Rc6 56. Rf3 Rc1 57. Rf4 Rc6 58. Rf3 Kf8 59. Rf4 Ke7 60. f3 Ke6 61. g4 Rc1 62. Kf2 Rb1 63. Ke2 Rb2+ 64. Kd3 hxg4 65. fxg4 Rb3+ 66. Ke2 Ne4 67. Nc2 Rh3 68. Ne3 Rxh4 69. Nf5 Rh2+ 70. Ke3 gxf5 71. gxf5+ Kf6 72. Rf1 Rh3+ 73. Kf4 Nd6 74. a6 bxa6 75. Ra1 Rh4+ 76. Kf3 Rxd4 77. Rxa6 Ke5 78. Rb6 Rxb4 79. f6 Rf4+ 80. Kg3 Rxf6 81. Rb8 d4 82. Ra8 d3 83. Ra3 d2 84. Rd3 Rf1 85. Rxd2 Ne4+ 86. Kg2 Nxd2 87. Kh2 Kf4 88. Kg2 Kg4 89. Kh2 Rf2+ 90. Kg1 Kg3 91. Kh1 Rf1# 0-1

[Event "Chinese Team-ch Men 2025"]
[Site "Zhang Jiakou Hebei"]
[Date "2025.04.27"]
[Round "3.19"]
[White "Chen, KaiLin"]
[Black "Yu, Zhenghuan"]
[Result "1-0"]
[Annotator "ChessBase"]
[ECO "B13"]
[WhiteElo "2329"]
[BlackElo "1757"]
[PlyCount "59"]
[EventDate "2025.04.26"]
[EventType "team-tourn"]
[EventCountry "CHN"]
[SourceTitle "playchess.com"]
[Source "ChessBase"]
[SourceQuality "1"]
[TimeControl "5400+30"]

1. e4 c6 2. d4 d5 3. exd5 cxd5 4. Bd3 Nc6 5. c3 Nf6 6. Bf4 Bg4 7. Qb3 Qd7 8. Nd2 e6 9. Ngf3 Bd6 10. Bxd6 Qxd6 11. O-O O-O 12. Rfe1 Qc7 13. Ne5 Bh5 14. h3 Nd7 15. Nxd7 Qxd7 16. Re3 Bg6 17. Bxg6 hxg6 18. Rae1 Rae8 19. Qd1 b5 20. h4 b4 21. h5 bxc3 22. bxc3 gxh5 23. Qxh5 f5 24. Rh3 Rf6 25. Qh7+ Kf7 26. Nf3 Rf8 27. Ne5+ Nxe5 28. dxe5 Rg6 29. Qh5 Qa4 30. Rg3 1-0

[Event "Chinese Team-ch Men 2025"]
[Site "Zhang Jiakou Hebei"]
[Date "2025.04.27"]
[Round "3.20"]
[White "Wu, Kaige"]
[Black "Yu, Kaifeng"]
[Result "1-0"]
[Annotator "ChessBase"]
[ECO "B20"]
[WhiteElo "1753"]
[BlackElo "2312"]
[PlyCount "49"]
[EventDate "2025.04.26"]
[EventType "team-tourn"]
[EventCountry "CHN"]
[SourceTitle "playchess.com"]
[Source "ChessBase"]
[SourceQuality "1"]
[TimeControl "5400+30"]

1. e4 c5 2. g3 Nc6 3. Bg2 g6 4. Ne2 Bg7 5. O-O d6 6. c3 e5 7. Na3 Nge7 8. Nc2 O-O 9. d4 exd4 10. cxd4 b6 11. Be3 Ba6 12. Re1 Rc8 13. Rb1 cxd4 14. Nexd4 Nxd4 15. Nxd4 d5 16. e5 Bxe5 17. Bg5 f6 18. Ne6 Qd6 19. Nxf8 fxg5 20. Ne6 Bf6 21. Qf3 Bh8 22. Nxg5 Rf8 23. Qe3 Bf6 24. Rbd1 Rc8 25. Ne4 1-0

[Event "Chinese Team-ch Men 2025"]
[Site "Zhang Jiakou Hebei"]
[Date "2025.04.27"]
[Round "3.21"]
[White "Wang, Yiye"]
[Black "Xu, Minghui"]
[Result "1/2-1/2"]
[Annotator "ChessBase"]
[ECO "E04"]
[WhiteElo "2446"]
[BlackElo "2459"]
[PlyCount "54"]
[EventDate "2025.04.26"]
[EventType "team-tourn"]
[EventCountry "CHN"]
[SourceTitle "playchess.com"]
[Source "ChessBase"]
[SourceQuality "1"]
[TimeControl "5400+30"]

1. d4 e6 2. g3 Nf6 3. c4 d5 4. Bg2 dxc4 5. Nf3 Bb4+ 6. Nbd2 O-O 7. O-O b5 8. a3 Be7 9. b3 c3 10. Nb1 Bb7 11. Nxc3 a6 12. Bg5 c5 13. dxc5 Bxc5 14. Bxf6 Qxf6 15. Qc2 Qe7 16. Ng5 g6 17. Bxb7 Qxb7 18. Qe4 Qxe4 19. Ncxe4 Be7 20. Rfc1 Nd7 21. Rc7 Rfd8 22. Rd1 Ne5 23. Rxd8+ Bxd8 24. Rc5 Nd7 25. Rc6 Ne5 26. Rc5 Nd7 27. Rc6 Ne5 1/2-1/2

[Event "Chinese Team-ch Men 2025"]
[Site "Zhang Jiakou Hebei"]
[Date "2025.04.27"]
[Round "3.22"]
[White "Chen, Yuan"]
[Black "Hou, Yifan b"]
[Result "1-0"]
[Annotator "ChessBase"]
[ECO "B45"]
[WhiteElo "2286"]
[BlackElo "2313"]
[PlyCount "103"]
[EventDate "2025.04.26"]
[EventType "team-tourn"]
[EventCountry "CHN"]
[SourceTitle "playchess.com"]
[Source "ChessBase"]
[SourceQuality "1"]
[TimeControl "5400+30"]

1. e4 c5 2. Nf3 Nc6 3. Nc3 e6 4. d4 cxd4 5. Nxd4 Nf6 6. Ndb5 Bb4 7. a3 Bxc3+ 8. Nxc3 d5 9. Bd3 dxe4 10. Nxe4 Nxe4 11. Bxe4 Qxd1+ 12. Kxd1 Bd7 13. Be3 O-O-O 14. Kc1 b6 15. b3 f5 16. Bd3 e5 17. f3 h6 18. Kb2 Rhe8 19. Rae1 Kb7 20. Bf2 Re7 21. h4 Rde8 22. Be3 Rf8 23. Rhf1 Rfe8 24. Rg1 Rf8 25. Rh1 Rfe8 26. Rhf1 Rf8 27. Bd2 Rg8 28. h5 Rge8 29. Bc3 a6 30. a4 a5 31. Bc4 Be6 32. Bb5 Bd7 33. Rd1 Nb8 34. Bc4 Bc6 35. Rd6 Kc7 36. Rg6 Nd7 37. f4 Nf8 38. Rxc6+ Kxc6 39. Bb5+ Kd5 40. Bxe8 Rxe8 41. Bxe5 g6 42. Rd1+ Ke4 43. Bc7 Rc8 44. Re1+ Kd5 45. Bxb6 Nd7 46. Bxa5 gxh5 47. Re7 Kc6 48. Rh7 Rg8 49. Rxh6+ Kd5 50. Rxh5 Ke4 51. Rg5 Ra8 52. Bd2 1-0

[Event "Chinese Team-ch Men 2025"]
[Site "Zhang Jiakou Hebei"]
[Date "2025.04.27"]
[Round "3.23"]
[White "Fan, Huifeng"]
[Black "Chen, Zhi"]
[Result "1-0"]
[Annotator "ChessBase"]
[ECO "B30"]
[WhiteElo "2178"]
[BlackElo "2094"]
[PlyCount "95"]
[EventDate "2025.04.26"]
[EventType "team-tourn"]
[EventCountry "CHN"]
[SourceTitle "playchess.com"]
[Source "ChessBase"]
[SourceQuality "1"]
[TimeControl "5400+30"]

1. e4 c5 2. Nf3 Nc6 3. Bb5 e6 4. Bxc6 bxc6 5. b3 d6 6. e5 dxe5 7. Nxe5 Qd4 8. Nc4 Qxa1 9. Nc3 Nf6 10. O-O Ba6 11. Qf3 Rc8 12. Ba3 Qxf1+ 13. Kxf1 Be7 14. Na4 Bxc4+ 15. bxc4 Nd7 16. Qe3 Nb6 17. Bxc5 Bxc5 18. Nxc5 O-O 19. d3 Rfd8 20. a4 Rb8 21. Qe4 Rbc8 22. a5 Nd7 23. Nb7 Rf8 24. Qd4 Rc7 25. Qxa7 Rb8 26. a6 c5 27. Qxb8+ Nxb8 28. a7 Rxb7 29. a8=Q Rb1+ 30. Ke2 h6 31. d4 cxd4 32. c5 Kh7 33. c6 Nxc6 34. Qxc6 Rb4 35. Kd3 g6 36. Qc5 Rb1 37. Kxd4 Rd1+ 38. Ke3 g5 39. c4 Kg6 40. Qe7 Rc1 41. c5 h5 42. Qd6 Kf5 43. c6 f6 44. c7 Kg4 45. h3+ Kf5 46. Qd3+ Ke5 47. Qd4+ Kf5 48. Qe4# 1-0